 Dungeon Crawl Stone Soup version 0.24.0-1-gfbc8707 (webtiles) character file.

Game seed: 11605595646750393619, levelgen mode: deterministic

67 peanutter the Conjurer (level 3, 0/26 HPs)
             Began as a Draconian Conjurer on Nov 5, 2019.
             Was an Initiate of Sif Muna.
             Slain by an iguana (6 damage)
             ... on level 2 of the Dungeon.
             The game lasted 00:10:32 (2943 turns).

peanutter the Conjurer (Draconian Conjurer)         Turns: 2943, Time: 00:10:33

Health: 0/26       AC:  6    Str: 10    XL:     3   Next: 98%
Magic:  7/7        EV: 12    Int: 16    God:    Sif Muna [......]
Gold:   118        SH:  0    Dex: 11    Spells: 7/8 levels left

rFire    . . .     SeeInvis .   a - +0 dagger
rCold    . . .     Gourm    .   (no shield)
rNeg     . . .     Faith    .   (armour unavailable)
rPois    .         Spirit   .   (helmet restricted)
rElec    .         Reflect  .   n - +0 cloak
rCorr    .         Harm     .   (no gloves)
MR       .....                  (no boots)
Stlth    ++........             (no amulet)
HPRegen  0.08/turn              (no ring)
MPRegen  0.10/turn              (no ring)

@: no status effects
A: unfitting armour, cold-blooded, AC +5
a: Renounce Religion


You were on level 2 of the Dungeon.
You worshipped Sif Muna.
Sif Muna was noncommittal.
You were not hungry.

You visited 1 branch of the dungeon, and saw 3 of its levels.

You collected 118 gold pieces.

Inventory:

Hand Weapons
 a - a +0 dagger (weapon)
 p - a +0 whip
Armour
 m - a +2 large shield
 n - a +0 cloak (worn)
Jewellery
 d - an uncursed ring of resist corrosion {unknown}
Scrolls
 e - a scroll of enchant armour {unknown}
 f - a scroll of fog {unknown}
 h - a scroll of amnesia
 i - a scroll of remove curse {unknown}
 l - a scroll of enchant weapon {unknown}
Potions
 g - a potion of flight {unknown}
 k - a potion of mutation {unknown}
 o - a potion of agility {unknown}
Comestibles
 b - a ration


   Skills:
 - Level 1.7 Dodging
 - Level 1.7 Stealth
 + Level 3.1 Spellcasting
 * Level 4.8 Conjurations


You had 7 spell levels left.
You knew the following spells:

 Your Spells              Type           Power        Failure   Level  Hunger
a - Magic Dart            Conj           ###.         2%          1    None

Your spell library contained the following spells:

 Spells                   Type           Power        Failure   Level  Hunger
 Searing Ray              Conj           ###...       3%          2    ##.....
 Dazzling Spray           Conj/Hex       ##....       21%         3    ###....
 Iskenderun's Mystic Bla  Conj           ###.....     24%         4    ####...
 Force Lance              Conj/Tloc      ##......     56%         4    ####...
 Fulminant Prism          Conj/Hex       ##........   56%         4    ####...


Dungeon Overview and Level Annotations

Branches:
Dungeon (3/15)

Altars:
Ashenzari
Dithmenos
Gozag
Qazlal
Sif Muna

Annotations:
D:1 exclusion: gnoll


Innate Abilities, Weirdness & Mutations

Your plain brown scales are hard. (AC +5)
You cannot fit into any form of body armour.
You are cold-blooded and may be slowed by cold attacks.


Message History

The leopard gecko hisses angrily.
The leopard gecko barely misses you.
The leopard gecko completely misses you.
The leopard gecko bites you but does no damage.
There is a stone staircase leading up here.
You climb upwards.
There is a stone staircase leading down here.
Your magical contamination has completely faded away.
You see here a leather armour.
There is a stone staircase leading up here.
The iguana barely misses you.
You see here a leather armour.
You see here a leather armour.
There is a stone staircase leading up here.
The iguana bites you!
Ouch! That really hurt!
* * * LOW HITPOINT WARNING * * *
You see here a leather armour.
The iguana bites you.
You die...

### ##.## ###########
##.#.###.....l@..#
##.###.##.#######.# ##.##
##.#.### #.# #.## ##...<# ##.##
...## ##.#.#.# ##...###
###.###.##.#.# #.....># #
##.#.###.#.# #....#.# # ##.##
#.#[# #.#.##.# ###
##########.#.###.#.##.#######.##


You could see an iguana.

Vanquished Creatures
  2 adders (D:2)
  A worm (D:2)
  A dart slug (D:1)
  3 leopard geckos
  2 orcs (D:3)
  4 bats
  2 giant cockroaches (D:2)
  8 goblins
  3 hobgoblins
  4 jackals (D:2)
  3 kobolds
  5 rats
38 creatures vanquished.

Notes
Turn   | Place    | Note
-------+----------+-------------------------------------------
     0 | D:1      | peanutter the Draconian Conjurer began the quest for the
                  | Orb.
     0 | D:1      | Reached XP level 1. HP: 14/14 MP: 3/3
   527 | D:1      | Reached XP level 2. HP: 20/20 MP: 3/5
   741 | D:1      | Learned a level 2 spell: Searing Ray
  1213 | D:2      | Found a shimmering blue altar of Sif Muna.
  1338 | D:3      | Reached XP level 3. HP: 26/26 MP: 4/7
  1341 | D:3      | Found a faded altar of an unknown god.
  1343 | D:2      | Found a shattered altar of Ashenzari.
  1354 | D:2      | Became a worshipper of Sif Muna the Loreminder
  1999 | D:2      | Found a stormy altar of Qazlal.
  2048 | D:2      | Found a shadowy altar of Dithmenos.
  2074 | D:2      | Found an opulent altar of Gozag.
  2943 | D:2      | Slain by an iguana

Levels and vault maps discovered:
D:1:      dpeg_arrival_subterranean_lakeside_camping, layout_basic
D:2:      layout_loops_ring, lemuel_doored_altar, grunt_dithmenos_smoke,
          lemuel_crystal_altar, nicolae_overflow_hidden_temple
D:3:      layout_loops_ring, overflow_temple_1_default,
          chequers_ecumenical_altar_simple_redux, first_ration,
          minmay_close_crescents

Skill      XL: |  1  2  3 |
---------------+----------+-----
Spellcasting   | 3 |  3.1
Dodging        | |  1.7
Stealth        | |  1.7
Conjurations   | |  4.8

Action                   || total
-------------------------++-------
Melee: Unarmed           ||    31
       Dagger            ||    20
       Tailslap          ||     3
 Cast: Magic Dart        ||   116
       Searing Ray       ||     2
  Use: Scroll            ||     2
  Eat: Chunk             ||     4
       Ration            ||     1
Armor: Skin              ||    24
Dodge: Dodged            ||    61
